 Dungeon Crawl Stone Soup version 0.31-a0-1576-ga3383bade6 (webtiles) character file.

Game seed: 16674727225228588399

77 Atlas the Ruffian (level 4, 0/32 HPs)
             Began as a Demonspawn Shapeshifter on Jan 4, 2024.
             Slain by a goblin
             ... wielding a +0 club
             ... led by Robin
              (2 damage)
             ... on level 3 of the Dungeon.
             The game lasted 00:01:43 (2040 turns).

Atlas the Ruffian (Demonspawn Shapeshifter)         Turns: 2040, Time: 00:01:44

Health: 0/32       AC:  5    Str: 16 (17) XL:     4   Next: 13%
Magic:  4/4        EV: 11    Int:  7 (10) God:
Gold:   143        SH:  0    Dex:  9 (12) Spells: 3/3 levels left

rFire   . .          .
                       - Unarmed
rCold   . . .        (no shield)
rNeg    . . .        n - +0 leather armour
rPois   .            (helmet currently unavailable)
rElec   .            (cloak currently unavailable)
rCorr   .            (gloves currently unavailable)
SInv    .            (boots currently unavailable)
Will    .....        (no amulet)
Stlth   +            (no ring)
HPRegen 0.25/turn    (no ring)
MPRegen 0.09/turn

%: no passive effects
@: beast-form
A: beast (slay +1), icy blue scales 1, weakness stinger 2
a: Begin Untransformation


You were on level 3 of the Dungeon.
You were a hulking beast.
You visited 1 branch of the dungeon, and saw 3 of its levels.

You collected 143 gold pieces.

Inventory:

Armour
 n - a +0 leather armour (worn)
Jewellery
 j - a +6 ring of intelligence
Talismans
 c - a beast talisman
 d - a flux talisman
Wands
 q - a wand of flame (11)
Scrolls
 e - a scroll of immolation {unknown}
 f - 2 scrolls of poison {unknown}
 g - a scroll of identify {unknown}
 h - a scroll of teleportation {unknown}
 i - a scroll of amnesia {unknown}
 k - a scroll of summoning {unknown}
 o - a scroll of enchant armour {unknown}
 p - a scroll of fog {unknown}


   Skills:
 + Level 1.0 Fighting
 + Level 2.1 Dodging
 + Level 3.8 Unarmed Combat
 + Level 3.2 Shapeshifting


You had 3 spell levels left.
You didn't know any spells.
Your spell library was empty.

Dungeon Overview and Level Annotations

Branches:
Dungeon (3/15)

Altars:

Annotations:
D:2 1 runed translucent door, Crazy Yiuf
D:3 Robin


Innate Abilities, Weirdness & Mutations

You are a hulking beast.
Your limbs bulge with bestial killing power. (Slay +1)
You are partially covered in icy blue scales. (AC +2)
You have a tail ending in a sharp stinger.


Message History

You feel better.
The hobgoblin hits you but does no damage.
The hobgoblin hits you. The goblin hits you but does no damage.
The hobgoblin hits you but does no damage.
The goblin hits you but does no damage. x2; The goblin completely misses you.
It was a potion of degeneration.
There was something very wrong with that liquid.
You feel weakened.
You feel dopey.
You feel clumsy. The hobgoblin hits you.
The hobgoblin hits you but does no damage.
The goblin hits you but does no damage.
The hobgoblin hits you but does no damage.
The goblin hits you but does no damage. x3
It was a potion of cancellation.
Your magical effects are unravelling.
You feel magically purged.
You feel less wooden.
Your +0 leather armour unmelds from your body.
You turn into a hulking beast.
The hobgoblin closely misses you. x2
The goblin barely misses you.
The hobgoblin hits you but does no damage.
The goblin misses you. The goblin closely misses you.
The goblin barely misses you. The hobgoblin barely misses you.
The hobgoblin misses you.
The hobgoblin hits you but does no damage.
The goblin hits you with a +0 club. The goblin hits you but does no damage.
The goblin barely misses you. x2
The hobgoblin hits you.
* * * LOW HITPOINT WARNING * * *
The hobgoblin hits you but does no damage.
The hobgoblin closely misses you. The goblin barely misses you.
The goblin hits you but does no damage. The goblin barely misses you.
The goblin hits you with a +0 club.
* * * LOW HITPOINT WARNING * * *
The hobgoblin hits you.
* * * LOW HITPOINT WARNING * * *
The hobgoblin barely misses you. x2; The goblin hits you but does no damage.
The goblin closely misses you. The goblin barely misses you.
The goblin hits you with a +0 club.
You die...

..................
#..........(.....
#...............#.
#.................
#................##
#....$...g.........
######.g...........
#.g#g.........
#gghg.........
#.ggg......# #
##.Sr....####.###
#................
.......#.....####
.#.#.......####
....#.......# ##
#.#....<# #.#.....#


You could see Robin, a quokka, 4 hobgoblins, 5 goblins and a ball python.

Vanquished Creatures
  Jessica (D:2)
  An adder (D:2)
  2 dart slugs
  A ribbon worm (D:2)
  An endoplasm (D:2)
  A giant cockroach (D:2)
  4 goblins
  6 hobgoblins
  5 kobolds
  2 quokkas (D:1)
  2 ball pythons
  3 bats
  3 frilled lizards
  3 rats
35 creatures vanquished.

Notes
Turn   | Place    | Note
-------+----------+-------------------------------------------
     0 | D:1      | Atlas the Demonspawn Shapeshifter began the quest for the
                  | Orb.
     0 | D:1      | Reached XP level 1. HP: 15/15 MP: 1/1
   328 | D:1      | Gained mutation: You have a small tail. [demonic ancestry]
   328 | D:1      | Reached XP level 2. HP: 21/21 MP: 2/2
   873 | D:2      | Noticed Jessica
   883 | D:2      | Killed Jessica
   884 | D:2      | Gained mutation: You have a tail ending in a sharp stinger.
                  | [demonic ancestry]
   884 | D:2      | Reached XP level 3. HP: 12/26 MP: 3/3
  1149 | D:2      | Found a faded altar of an unknown god.
  1949 | D:2      | Found a runed translucent door.
  1950 | D:2      | Noticed Crazy Yiuf
  1993 | D:3      | Gained mutation: You are partially covered in icy blue
                  | scales. (AC +2) [demonic ancestry]
  1993 | D:3      | Reached XP level 4. HP: 31/32 MP: 4/4
  2008 | D:3      | Noticed Robin
  2040 | D:3      | Slain by a goblin

Illustrated notes

Levels and vault maps discovered:
D:1:      kilobyte_arrival_exit_the_forest, layout_loops_cross,
          minmay_pentomino_z2
D:2:      layout_basic, basic_ecumenical_altar, minmay_close_crescents,
          uniq_crazy_yiuf_cottage, uniq_jessica
D:3:      layout_rooms, zin_statuary, mainiacjoe_overflow_swirl,
          elyvilon_altar_4, uniq_robin

Skill      XL: |  1  2  3 |
---------------+----------+-----
Shapeshifting  | 3 |  3.2
Unarmed Combat | 3 |  3.8
Dodging        | 2 |  2.1
Fighting       | |  1.0

Action                     |  1- 3 |  4- 6 || total
---------------------------+-------+-------++-------
  Melee: Unarmed           |    89 |    18 ||   107
         Tailslap          |     8 |       ||     8
         Punch             |     1 |     1 ||     2
    Use: Potion            |       |     5 ||     5
   Stab: Sleeping          |     1 |       ||     1
 Armour: Animal skin       |    29 |       ||    29
         Leather armour    |     6 |    21 ||    27
         Skin              |       |    76 ||    76
  Dodge: Dodged            |    53 |    53 ||   106

Table legend: (Time is in decaauts)
 A = Elapsed time spent in this place.
 B = Non-inter-level travel time spent in this place.
 C = Inter-level travel time spent in this place.
 D = Time resting spent in this place.
 E = Time spent auto-exploring this place.
 F = Levels seen in this place.
 G = Mean time per level.
                   A        B        C        D        E       F      G
               +--------+--------+--------+--------+--------+-----+--------+
         Total |   2038 |   1914 |    124 |      0 |   1640 |   3 |  679.3 |
       Dungeon |   2038 |   1914 |    124 |      0 |   1640 |   3 |  679.3 |
               +--------+--------+--------+--------+--------+-----+--------+

Top non-repeatable levels by time:
     D:2: 1176 daAuts
     D:1: 809 daAuts
     D:3: 52 daAuts
